 Dungeon Crawl Stone Soup version 0.23-a0-582-g1b4a0ca (webtiles) character file.

121 TheGoonsmith the Magician (level 4, -2/24 HPs)
             Began as a Deep Elf Fire Elementalist on Dec 16, 2018.
             Slain by a shadow imp (3 damage)
             ... summoned by Natasha
             ... on level 2 of the Dungeon.
             The game lasted 00:02:51 (1478 turns).

TheGoonsmith the Magician (DEFE)                    Turns: 1478, Time: 00:02:52

Health: -2/24      AC:  2    Str: 10    XL:     4   Next: 77%
Magic:  3/12       EV: 14    Int: 20    God:
Gold:   84         SH:  0    Dex: 16    Spells: 10/11 levels left

rFire    . . .     SeeInvis .   k - +0 falchion
rCold    . . .     Gourm    .   (no shield)
rNeg     . . .     Faith    .   a - +0 robe
rPois    .         Spirit   .   (no helmet)
rElec    .         Reflect  .   (no cloak)
rCorr    .         Harm     .   (no gloves)
MR       .....                  (no boots)
Stlth    +++.......             (no amulet)
HPRegen  0.08/turn              (no ring)
MPRegen  0.13/turn              (no ring)

@: mighty
A: no striking features
a: no special abilities


You were on level 2 of the Dungeon.
You were hungry.

You visited 1 branch of the dungeon, and saw 2 of its levels.

You collected 84 gold pieces.

Inventory:

Hand Weapons
 e - a +0 mace
 k - a +0 falchion (weapon)
Armour
 a - a +0 robe (worn)
 m - a cursed +0 cloak
Jewellery
 d - an uncursed ring of resist corrosion {unknown}
Scrolls
 b - 3 scrolls of identify {unknown}
 h - a scroll of blinking {unknown}
 j - a scroll of enchant armour {unknown}
Potions
 f - 3 potions of might
 i - a potion of heal wounds {unknown}
Comestibles
 c - 3 rations
 l - a chunk of flesh


   Skills:
 - Level 3.2 Dodging
 + Level 3.7 Stealth
 + Level 4.1 Spellcasting
 + Level 2.4 Conjurations
 + Level 4.0 Fire Magic


You had 10 spell levels left.
You knew the following spells:

 Your Spells              Type           Power        Failure   Level  Hunger
a - Flame Tongue          Conj/Fire      ###..        3%          1    None

Your spell library contained the following spells:

 Spells                   Type           Power        Failure   Level  Hunger
 Throw Flame              Conj/Fire      ###...       4%          2    #......
 Conjure Flame            Conj/Fire      ###.....     10%         3    ###....
 Inner Flame              Hex/Fire       ##......     17%         3    ###....
 Sticky Flame             Conj/Fire      ###.....     32%         4    ####...
 Fireball                 Conj/Fire      ###.......   67%         5    ######.


Dungeon Overview and Level Annotations

Branches:
Dungeon (2/15)

Altars:

Annotations:
D:2 Natasha


Message History

It was a potion of might.
You feel very mighty all of a sudden.
The frilled lizard hisses angrily.
Found a brown potion.
Natasha mumbles some strange words.
Natasha glows brightly for a moment.
Found 14 sling bullets.
It was a potion of curing.
You feel better.
You barely miss the orc. The orc barely misses you.
You riposte.
You slash the orc!
You kill the orc!
Natasha casts a spell.
You barely miss the shadow imp. The shadow imp misses you. Natasha claws you!
* * * LOW HITPOINT WARNING * * *
You barely miss Natasha. The shadow imp hits you.
* * * LOW HITPOINT WARNING * * *
Natasha stares at you and mumbles some strange words.
You resist with some effort.
You completely miss Natasha. The shadow imp hits you.
You die...

.. #...###..........
####.#..##.##........
#.......##..#........
#.......##...........
#.......#............
##..............>.....
....................#. ....
###.........†h)......( #... . #
#..........5@....## #...
.#.##..........l.....# #...
..##...#.............# ### #...
.....#...##................. ...
#.).....###>.........!......####.
#......####...................%.)
..........#.................#....
.<÷........................##....
..††.†..##........ ..........


You could see Natasha, a shadow imp and a frilled lizard.

Vanquished Creatures
  A howler monkey (D:2)
  Natasha (D:2)
  An adder (D:2)
  A worm (D:2)
  A dart slug (D:1)
  3 leopard geckos
  4 orcs (D:2)
  A giant cockroach (D:2)
  4 hobgoblins
  2 jackals (D:2)
  A ball python (D:2)
  6 bats
  A frilled lizard (D:2)
  2 goblins
  11 rats
40 creatures vanquished.

Notes
Turn   | Place    | Note
-------+----------+-------------------------------------------
     0 | D:1      | TheGoonsmith the Deep Elf Fire Elementalist began the quest
                  | for the Orb.
     0 | D:1      | Reached XP level 1. HP: 10/10 MP: 6/6
   412 | D:1      | Reached XP level 2. HP: 15/15 MP: 6/8
   920 | D:2      | Noticed a howler monkey
  1098 | D:2      | Reached XP level 3. HP: 19/19 MP: 2/9
  1212 | D:2      | Reached XP level 4. HP: 15/24 MP: 4/11
  1444 | D:2      | Noticed Natasha
  1451 | D:2      | Killed Natasha
  1467 | D:2      | Noticed Natasha
  1477 | D:2      | HP: 1/24 [shadow imp[Natasha] (2)]
  1478 | D:2      | Slain by a shadow imp

Vault maps used:
D:1:      dpeg_arrival_ratfight
D:2:      okawaru_ov_weapons_minmay, minmay_bisected, uniq_natasha

Skill      XL: |  1  2  3  4 |
---------------+-------------+-----
Stealth        | 3 |  3.7
Dodging        | 3 |  3.2
Conjurations   | 2 |  2.4
Spellcasting   | 4 |  4.1
Fire Magic     | 4 |  4.0

Action                   |  1- 3 |  4- 6 || total
-------------------------+-------+-------++-------
Melee: Falchion          |       |     4 ||     4
 Cast: Flame Tongue      |    43 |    30 ||    73
  Use: Potion            |       |     2 ||     2
  Eat: Chunk             |       |     1 ||     1
Armor: Robe              |       |     1 ||     1
Dodge: Dodged            |     3 |     8 ||    11
       Rpst.: Falchion   |       |     1 ||     1

Table legend:
 A = Non-vault XP
 B = Vault XP
 C = Vault XP percentage of total XP
 D = Non-vault monster count
 E = Vault monster count
 F = Vault count percentage of total count
                 A         B        C        D         E       F
            +---------+---------+-------+---------+---------+-------
      Total |      76 |      98 |  56.3 |      33 |       7 |  17.5
            +---------+---------+-------+---------+---------+-------
        D:1 |      16 |       5 |  23.8 |       8 |       5 |  38.5
        D:2 |      60 |      93 |  60.8 |      25 |       2 |   7.4
            +---------+---------+-------+---------+---------+-------
